 Dungeon Crawl Stone Soup version 0.28.0-53-g5a82cb258f (webtiles) character file.

Game seed: 5879051548001896651

37 tizbic2 the Skirmisher (level 3, -1/33 HPs)
             Began as a Draconian Fighter on Aug 4, 2022.
             Was an Initiate of Ashenzari.
             Slain by an orc priest
             ... wielding a +0 short sword
              (4 damage)
             ... on level 2 of the Dungeon.
             The game lasted 00:03:27 (882 turns).

tizbic2 the Skirmisher (Draconian Fighter)           Turns: 882, Time: 00:03:28

Health: -1/33      AC:  5    Str: 18    XL:     3   Next: 21%
Magic:  3/3        EV: 11    Int: 10    God:    Ashenzari [......]
Gold:   60         SH:  4    Dex: 10    Spells: 2/2 levels left

rFire   . . .      SeeInvis .   a - +0 war axe
rCold   . . .      Faith    .   b - +0 buckler of the Sublime Adversity {Range, Melee} (curse)
rNeg    . . .      Spirit   .   (armour unavailable)
rPois   .          Reflect  .   (helmet restricted)
rElec   .          Harm     .   (no cloak)
rCorr   .          Rampage  .   (no gloves)
Will    .....                   (no boots)
Stlth   +.........              (no amulet)
HPRegen 0.11/turn               (no ring)
MPRegen 0.08/turn               (no ring)

@: no status effects
A: AC +5, unfitting armour, cold-blooded
a: Renounce Religion, Shatter the Chains


You were on level 2 of the Dungeon.
You worshipped Ashenzari.
Ashenzari was noncommittal.
You visited 1 branch of the dungeon, and saw 2 of its levels.

You collected 60 gold pieces.

Inventory:

Hand Weapons
 a - a +0 war axe (weapon)
Armour
 b - the cursed +0 buckler of the Sublime Adversity (worn) {Range, Melee}

   It has a curse which improves the following skills: Ranged Combat: Slings,
   Bows, Crossbows and Throwing.
   Melee Combat: Short Blades, Long Blades, Axes, Maces & Flails, Polearms,
   Staves and Unarmed Combat.
Scrolls
 f - a scroll of immolation {unknown}
Potions
 c - a potion of might
 d - a potion of invisibility
 e - a potion of curing {unknown}


   Skills:
 + Level 3.8 Fighting
 * Level 3.2(3.6) Axes
 - Level 2.6 Dodging
 - Level 3.0 Shields


You had 2 spell levels left.
You didn't know any spells.
Your spell library was empty.

Dungeon Overview and Level Annotations

Branches:
Dungeon (2/15)

Altars:
Ashenzari

Shops:
D:1 :


Innate Abilities, Weirdness & Mutations

Your plain brown scales are hard. (AC +5)
You cannot fit into any form of body armour.
You are cold-blooded and may be slowed by cold attacks.


Message History

There is a stone staircase leading down here.
You climb downwards.
Found 14 gold pieces.
There is a stone staircase leading up here.
You now have 60 gold pieces (gained 14).
There is a stone staircase leading up here.
Found a stone staircase leading up.
A hobgoblin comes into view.
The hobgoblin shouts!
The hobgoblin hits you but does no damage.
You slash the hobgoblin!
You kill the hobgoblin!
You see here a hobgoblin corpse.
There is a stone staircase leading up here.
An orc priest and 5 orcs come into view.
The orc priest shouts!
The orc shouts! x4
You slash the orc!
You kill the orc!
The orc priest calls down the wrath of Beogh upon you.
Beogh smites you!
You hit the orc but do no damage. You hit the orc.
The orc barely misses you. x2
You slash the orc!
You kill the orc!
You hit the orc. x2
The orc priest calls upon Beogh to heal the orc.
The orc is healed somewhat.
The orc closely misses you. The orc barely misses you.
The orc priest mumbles some strange prayers to Beogh against you.
Beogh smites you!
* * * LOW HITPOINT WARNING * * *
The orc closely misses you. The orc barely misses you.
You slash the orc!
You kill the orc!
You hit the orc. x2; The orc misses you.
The orc hits you with a +0 hand axe.
* * * LOW HITPOINT WARNING * * *
You barely miss the orc. You tail-slap the orc.
You kill the orc!
You hit the orc but do no damage. The orc misses you.
The orc priest hits you with a +0 short sword.
You die...

########..#
#.........#
..........#
..........#
..........#
..........#
......)o.# ..
#.....o@.#
...#########.#
#...........#
###...<#.####
.....##.†.##.#
#### #.#....#
#...##.#######
###.##.......#
#.########.#


You could see an orc priest and an orc.

Vanquished Creatures
  A dart slug (D:1)
  4 orcs (D:2)
  An endoplasm (D:1)
  3 goblins (D:1)
  3 hobgoblins
  3 kobolds (D:1)
  5 quokkas (D:1)
  A ball python (D:1)
  2 bats (D:1)
  2 frilled lizards (D:1)
  6 rats (D:1)
31 creatures vanquished.

Notes
Turn   | Place    | Note
-------+----------+-------------------------------------------
     0 | D:1      | tizbic2 the Draconian Fighter began the quest for the Orb.
     0 | D:1      | Reached XP level 1. HP: 19/19 MP: 1/1
   179 | D:1      | Reached XP level 2. HP: 26/26 MP: 2/2
   615 | D:1      | Found a faded altar of an unknown god.
   619 | D:1      | Prayed at the altar of an unknown god.
   619 | D:1      | Became a worshipper of Ashenzari the Shackled
   679 | D:1      | Reached XP level 3. HP: 33/33 MP: 3/3
   764 | D:1      | Found Zaom's Book Shop.
   882 | D:2      | Slain by an orc priest

Illustrated notes

Levels and vault maps discovered:
D:1:      mushboom_english_gardens, layout_basic,
          hellmonk_ecumenical_altar_leap_of_faith, serial_shops,
          nicolae_lakefront_shop
D:2:      cheibrodos_pilgrimage, layout_basic, basic_altar, uniq_natasha

Skill      XL: |  1  2 |
---------------+-------+-----
Axes           | 3 |  3.2
Fighting       | |  3.8
Dodging        | |  2.6
Shields        | |  3.0

Action                   || total
-------------------------++-------
Melee: War axe           ||    66
       Tailslap          ||     5
Invok: Curse Item        ||     1
  Use: Scroll            ||     1
Armor: Skin              ||    32
Dodge: Dodged            ||    44
Block: Buckler           ||    15
